 Dungeon Crawl Stone Soup version 0.17.1-1-g73c8601 (webtiles) character file.

263 JustSomeDude the Insei (level 5, -2/42 HPs)
             Began as a Demonspawn Monk on Dec 25, 2015.
             Was a Believer of Dithmenos.
             Slain by a phantom (7 damage)
             ... on level 4 of the Dungeon.
             The game lasted 00:08:14 (3412 turns).

JustSomeDude the Insei (Demonspawn Monk)            Turns: 3412, Time: 00:08:15

Health: -2/42      AC: 11    Str: 11    XL:     5   Next: 98%
Magic:  5/5        EV: 10    Int: 11    God:    Dithmenos [**....]
Gold:   254        SH:  0    Dex: 17    Spells: 0 memorised, 4 levels left

rFire  . . .     SeeInvis .     g - +0 war axe
rCold  . . .     Clarity  .     q - +3 scale mail {MR+}
rNeg   . . .     SustAt   .     (no shield)
rPois  .         Gourm    .     (no helmet)
rElec  .         Spirit   .     (no cloak)
rCorr  +         Warding  .     (no gloves)
rMut   .         Stasis   .     (no boots)
MR     +....                    e - amulet of resist corrosion
Stlth  +.........               (no ring)
                                (no ring)

@: wreathed by umbra, somewhat resistant to hostile enchantments, very
unstealthy
A: hooves 1, yellow scales 1, deterioration 1, mutation resistance 1
a: Shadow Step, Renounce Religion


You were on level 4 of the Dungeon.
You worshipped Dithmenos.
Dithmenos was pleased with you.
You were not hungry.

You visited 1 branch of the dungeon, and saw 4 of its levels.

You collected 254 gold pieces.

Inventory:

Hand Weapons
 d - a +1 dagger of flaming
 g - a +0 war axe (weapon)
Armour
 a - a +0 robe
 n - a +0 leather armour
 q - a +3 scale mail of magic resistance (worn)
Jewellery
 e - an amulet of resist corrosion (around neck)
Wands
 p - a wand of invisibility (5)
Scrolls
 f - 6 scrolls of identify {unknown}
 h - 3 scrolls of teleportation {unknown}
 j - 2 scrolls of remove curse {unknown}
 k - a scroll of enchant weapon {unknown}
 l - a scroll of magic mapping {unknown}
 o - a scroll of random uselessness {unknown}
 r - a scroll of fear {unknown}
 t - a scroll of enchant armour {unknown}
 v - a scroll of immolation {unknown}
Potions
 i - a potion of haste {unknown}
 m - a potion of curing
 s - a potion of magic {unknown}
Comestibles
 b - 3 bread rations
 c - 2 meat rations
 u - a slice of pizza


   Skills:
 + Level 3.9 Fighting
 + Level 1.9 Axes
 + Level 1.7 Armour
 + Level 3.9 Dodging
 + Level 2.4 Stealth
 + Level 4.1 Unarmed Combat


You had 4 spell levels left.
You didn't know any spells.

Dungeon Overview and Level Annotations

Branches:
Dungeon (4/15)
 Temple: D:4-7

Altars:
Dithmenos
Fedhas
Okawaru
Xom


Innate Abilities, Weirdness & Mutations

You have large cloven feet.
You are partially covered in yellow scales (AC +2).
Your body sometimes deteriorates upon taking damage.
You are somewhat resistant to further mutation.


Message History

The gnoll hits you but does no damage.
The phantom hits you but does no damage.
You slash the gnoll! You kick the gnoll, but do no damage.
The gnoll is severely wounded.
You barely miss the phantom.
The phantom is heavily damaged.
Your scale mail prevents you from hitting the gnoll.
The gnoll barely misses you. The gnoll closely misses you.
The gnoll closely misses you. The phantom barely misses you.
You barely miss the gnoll. You kick the gnoll, but do no damage.
The gnoll is severely wounded.
You miss the phantom.
The phantom is heavily damaged.
You hit the gnoll.
The gnoll is lightly wounded.
The gnoll barely misses you.
The gnoll hits you from afar with a spear.
* * * LOW HITPOINT WARNING * * *
The gnoll closely misses you. The phantom hits you!
You die...

#.# #.# #.# #
######### #
##......)# #
#....###.# #
######..#.# #.# #
#..g##..#.# #.# #
#_@gg...#.###.## #
#..W#...#.##...####
#####...#.#.###....
#.#.#.#.# #..#.
#.#.#.#.###.##.
#.#............
#.#.###########
#.#. #.#


You could see a phantom and 3 gnolls.

Vanquished Creatures
  An orc wizard (D:3)
  A hound (D:4)
  Terence (D:3)
  Natasha (twice) (D:3)
  A worker ant (D:4)
  5 adders
  3 oozes (D:1)
  A worm (D:2)
  4 giant geckos
  3 orcs (D:3)
  5 ball pythons
  4 giant cockroaches
  7 goblins
  8 hobgoblins
  5 kobolds
  3 quokkas
  7 bats
  3 giant newts
  2 jackals (D:2)
  6 rats
72 creatures vanquished.

Notes
Turn   | Place    | Note
--------------------------------------------------------------
     0 | D:1      | JustSomeDude the Demonspawn Monk began the quest for the Orb.
     0 | D:1      | Reached XP level 1. HP: 18/18 MP: 1/1
   289 | D:1      | Gained mutation: You have large cloven feet. [demonic ancestry]
   289 | D:1      | Reached XP level 2. HP: 16/24 MP: 2/2
   503 | D:1      | Reached skill level 4 in Unarmed Combat
   509 | D:1      | Gained mutation: You are partially covered in yellow scales (AC +2). [demonic ancestry]
   509 | D:1      | Reached XP level 3. HP: 6/29 MP: 3/3
  1699 | D:2      | Reached XP level 4. HP: 35/35 MP: 4/4
  1963 | D:3      | Gained mutation: Your body sometimes deteriorates upon taking damage. [potion of mutation]
  1963 | D:3      | Gained mutation: You are somewhat resistant to further mutation. [potion of mutation]
  1987 | D:3      | Reached skill level 1 in Axes
  2291 | D:3      | Noticed Natasha
  2307 | D:3      | Killed Natasha
  2307 | D:3      | Reached skill level 1 in Armour
  2307 | D:3      | Reached XP level 5. HP: 6/41 MP: 5/5
  2585 | D:3      | Noticed Terence
  2605 | D:3      | Killed Terence
  2749 | D:3      | Found an iron altar of Okawaru.
  2775 | D:3      | Noticed Natasha
  2781 | D:3      | Killed Natasha
  2867 | D:3      | Found a blossoming altar of Fedhas.
  3004 | D:3      | Found a shimmering altar of Xom.
  3387 | D:4      | Found a shadowy altar of Dithmenos.
  3387 | D:4      | Noticed a phantom
  3408 | D:4      | Became a worshipper of Dithmenos the Shadowed
  3408 | D:4      | Reached * piety under Dithmenos
  3408 | D:4      | Reached ** piety under Dithmenos
  3412 | D:4      | Slain by a phantom

Action                   |  1- 3 |  4- 6 || total
-------------------------+-------+-------++-------
Melee: Unarmed           |    41 |       ||    41
       Hand axe          |    81 |    56 ||   137
       War axe           |       |   135 ||   135
  Use: Potion            |     1 |     4 ||     5
 Stab: Sleeping          |     3 |     1 ||     4
  Eat: Meat ration       |     1 |       ||     1
       Chunk             |     1 |       ||     1
       Bread ration      |       |     1 ||     1
